 Dungeon Crawl Stone Soup version 0.25.1-2-g60ff931df9 (webtiles) character file.

Game seed: 11588790408117911919

8281 RaHiT the Prestidigitator (level 11, -8/86 HPs)
             Began as a Demonspawn Chaos Knight on Sept 19, 2020.
             Was a Plaything of Xom.
             Mangled by a death yak simulacrum (21 damage)
             ... summoned by Xom
             ... in an ice cave.
             The game lasted 01:15:34 (11655 turns).

RaHiT the Prestidigitator (DsCK)                   Turns: 11655, Time: 01:15:35

Health: -8/86      AC:  5    Str: 14    XL:     11   Next: 7%
Magic:  17/17      EV: 12    Int: 17    God:    Xom [.*....]
Gold:   453        SH:  7    Dex: 26    Spells: 14/14 levels left

rFire    + + .     SeeInvis +   b - +3 hand crossbow "Agoazov" {vorpal, +Blink rPois rF+ MR- Dex+3}
rCold    + . .     Gourm    .   m - +0 buckler
rNeg     . . .     Faith    .   a - +2 leather armour
rPois    +         Spirit   .   (helmet restricted)
rElec    .         Reflect  .   d - +1 cloak
rCorr    .         Harm     .   (no gloves)
MR       +....                  (no boots)
Stlth    ++++......             (no amulet)
HPRegen  0.24/turn              C - ring "Rur Corgh" {rF+ MR+ Int+4 SInv}
MPRegen  0.15/turn              h - ring of see invisible

@: very slightly contaminated, invisible
A: antennae 2, thin skeletal structure 3, agile 2, cold resistance 1, deformed
body, foul stench 1, magic resistance 1, sense surroundings 1, powered by pain
1, weak 1, rot immunity, freezing cloud immunity
a: Renounce Religion, Evoke Blink


You were in an ice cave.
You worshipped Xom.
You were a plaything of Xom.
You were not hungry.

You visited 2 branches of the dungeon, and saw 12 of its levels.
You also visited: Ice Cave.

You collected 691 gold pieces.
You spent 238 gold pieces at shops.

Inventory:

Hand Weapons
 b - the +3 hand crossbow "Agoazov" (weapon) {vorpal, +Blink rPois rF+ MR- Dex+3}
   (You bought it in a shop on level 7 of the Dungeon)

   Any bolt fired from it inflicts extra damage.
   It affects your dexterity (+3).
   It protects you from fire.
   It protects you from poison.
   It affects your resistance to hostile enchantments.
   It lets you blink.
Missiles
 c - 271 stones
 f - 3 throwing nets
 i - 10 boomerangs of dispersal
 n - 84 bolts (quivered)
 v - 7 atropa-tipped darts
 z - 4 silver boomerangs
 R - 8 javelins
Armour
 a - a +2 leather armour (worn)
 d - a +1 cloak (worn)
 m - a +0 buckler (worn)
 q - a +0 leather armour
Jewellery
 h - a ring of see invisible (right hand)
 C - the ring "Rur Corgh" (left hand) {rF+ MR+ Int+4 SInv}
   (Xom gifted it to you on level 6 of the Dungeon)

   [ring of see invisible]

   It affects your intelligence (+4).
   It protects you from fire.
   It affects your resistance to hostile enchantments.
   It lets you see invisible.
 D - an uncursed ring of protection from magic
 N - an uncursed ring of protection from fire
Wands
 l - a wand of iceblast (10)
 x - a wand of flame (17)
 B - a wand of enslavement (5)
 E - a wand of random effects (5)
 H - a wand of paralysis (9)
Scrolls
 g - a scroll of remove curse
 k - 5 scrolls of teleportation
 y - 2 scrolls of fog
 K - a scroll of immolation
 M - a scroll of amnesia
 Q - a scroll of vulnerability
 S - a scroll of blinking {unknown}
Potions
 e - 3 potions of invisibility
 j - 3 potions of curing
 o - 2 potions of cancellation
 p - 6 potions of lignification
 s - 2 potions of stabbing
 A - a potion of ambrosia
 F - 2 potions of haste
 G - a potion of mutation {unknown}
 J - a potion of might {unknown}
Miscellaneous
 w - a tin of tremorstones (2/3)
Comestibles
 I - 20 rations


   Skills:
 + Level 7.8 Fighting
 - Level 7.0 Crossbows
 - Level 5.0 Throwing
 - Level 2.0 Armour
 - Level 1.0 Dodging
 - Level 1.0 Stealth
 - Level 5.0 Shields
 - Level 7.0 Unarmed Combat
 - Level 2.0 Spellcasting
 - Level 8.0 Evocations


You had 14 spell levels left.
You didn't know any spells.
Your spell library contained the following spells:

 Spells                   Type           Power        Failure   Level  Hunger
 Bolt of Magma            Conj/Fire/Erth #.........   100%        5    ######.
 Irradiate                Conj/Tmut      #.........   100%        5    ######.
 Iskenderun's Battlesphe  Conj/Chrm      #.......     100%        5    ######.
 Hydra Form               Tmut           #.........   100%        6    #######
 Iron Shot                Conj/Erth      #.........   100%        6    #######
 Statue Form              Tmut/Erth      #........    100%        6    #######
 Dragon Form              Tmut           #.........   100%        7    #######
 Orb of Destruction       Conj           #.........   100%        7    #######
 Spellforged Servitor     Conj/Summ      #.........   100%        7    #######


Dungeon Overview and Level Annotations

Branches:
Dungeon (11/15)            Temple (1/1) D:7            Lair (0/6) D:9
    Orc (0/2) D:11          IceCv (1/1)

Altars:
Ashenzari
Cheibriados
Dithmenos
Elyvilon
Fedhas
Gozag
Hepliaklqana
Kikubaaqudgha
Makhleb
Nemelex Xobeh
Okawaru
Qazlal
Ru
Sif Muna
Trog
Uskayaw
Vehumet
Wu Jian
Xom
Yredelemnul
Zin
The Shining One

Shops:
D:7 (   D:8 *


Innate Abilities, Weirdness & Mutations

You have a pair of antennae on your head.
You have an unnaturally thin skeletal structure. (Dex +6, Stealth++)
Your flesh is cold resistant. (rC+)
You may emit foul miasma when damaged in melee.
You sometimes gain a little power by taking damage.
You are immune to rotting.
You are immune to freezing clouds.
You are very agile. (Dex +4)
Armour fits poorly on your strangely shaped body.
You are resistant to hostile enchantments. (MR+)
You passively map a small area around you.
You are weak. (Str -2)


Message History

You start resting.
You feel a little less mighty now.
You start resting.
Magic restored.
You start resting.
You hear Xom's maniacal laughter.
Press: ? - help, v - describe, . - travel
Here: an ufetubus (summoned)
The floor.
You fade into invisibility!
You are very lightly contaminated with residual magic.
Unknown command.
The death yak simulacrum gores you! The death yak simulacrum freezes you!
You resist.
* * * LOW HITPOINT WARNING * * *
You emit a cloud of colourful smoke!
The ufetubus barely misses you. The ufetubus misses you.
The death yak simulacrum misses you. The death yak simulacrum gores you!!
You die...

#.. * ... * ....,
, #### *{.....
##..###### #.....
##§§..##..##......
,
#§Z5@.............
#§§Z∩.............
#Z......##........
##....######......
##..## #..... 4
#### {..... **
.... ... #.. ,


You could see 2 death yak simulacra, an iron troll simulacrum (summoned) and an
ufetubus (summoned).

Vanquished Creatures
  A hydra (D:9)
  2 two-headed ogres
  Pikel (D:5)
  2 ice devils (IceCv)
  A troll (D:10)
  A hornet (D:7)
  2 wyverns
  A hungry ghost (D:8)
  A swamp worm (shapeshifter) (D:10)
  Edmund (D:5)
  An orc warrior (D:6)
  2 black bears
  A phantom (D:9)
  9 ice beasts
  3 sky beasts
  3 necrophages (D:8)
  2 hornet zombies
  An eye of draining (D:10)
  5 centaurs
  3 ogres
  6 bullfrogs
  A big kobold (D:10)
  A scorpion (D:9)
  7 wights (D:8)
  2 howler monkeys
  3 crimson imps
  2 bullfrog zombies
  2 hounds (D:9)
  3 jellies
  5 orc wizards
  2 orc priests
  2 iguanas
  A centaur skeleton (D:8)
  2 worker ants
  A howler monkey zombie (D:10)
  3 gnolls (D:2)
  A howler monkey skeleton (D:5)
  A worker ant zombie (D:6)
  9 adders
  A river rat (D:2)
  5 shadow imps
  An ooze (D:2)
  3 worms
  2 dart slugs (D:2)
  2 leopard geckos
  24 orcs
  A ball python (D:4)
  12 bats
  6 giant cockroaches
  5 goblins
  10 hobgoblins
  10 jackals
  4 quokkas
  7 frilled lizards
  A jackal skeleton (D:9)
  9 kobolds
  2 leopard gecko skeletons (D:4)
  12 rats
  A butterfly (D:6)
215 creatures vanquished.

Vanquished Creatures (collateral kills)
  A centaur skeleton (D:10)
  A spiny frog (D:7)
  Duvessa (D:7)
  An orc warrior (D:7)
  Dowan (D:7)
  4 howler monkeys
  A bullfrog zombie (D:10)
  An orc wizard (D:7)
11 creatures vanquished.

Vanquished Creatures (others)
  A slave (D:5)
  A bullfrog (D:6)
  A scorpion (D:6)
  A crimson imp (D:6)
  An iguana (D:6)
  Ijyb (D:5)
  An adder (D:5)
7 creatures vanquished.

Grand Total: 233 creatures vanquished

Notes
Turn   | Place    | Note
-------+----------+-------------------------------------------
     0 | D:1      | RaHiT the Demonspawn Chaos Knight began the quest for the
                  | Orb.
     0 | D:1      | Reached XP level 1. HP: 18/18 MP: 1/1
    72 | D:1      | Reached skill level 1 in Dodging
   451 | D:1      | Gained mutation: You are immune to rotting. [demonic
                  | ancestry]
   451 | D:1      | Reached XP level 2. HP: 24/24 MP: 2/2
   483 | D:1      | XOM: divination: detect items
  1011 | D:1      | XOM: divination: detect creatures
  1093 | D:1      | XOM: give mutation
  1093 | D:1      | Gained mutation: Your flesh is cold resistant. (rC+) [Xom's
                  | grace]
  1129 | D:1      | XOM: god gift: scroll labeled KAREAL JOHUPRI {god gift}
  1130 | D:1      | XOM: 1-stop teleportation journey
  1150 | D:1      | XOM: scenery: create altars
  1167 | D:1      | XOM: give mutations
  1167 | D:1      | Gained mutation: Your system is resistant to poisons.
                  | (rPois) [Xom's grace]
  1167 | D:1      | Gained mutation: You are agile. (Dex +2) [Xom's grace]
  1167 | D:1      | Gained mutation: You are very agile. (Dex +4) [Xom's grace]
  1167 | D:1      | Gained mutation: Your mind is acute. (Int +2) [Xom's grace]
  1172 | D:1      | XOM: give mutations
  1172 | D:1      | Gained mutation: Your flesh is heat resistant. (rF+) [Xom's
                  | grace]
  1172 | D:1      | Gained mutation: You have a pair of small horns on your
                  | head. [Xom's grace]
  1211 | D:2      | Found a white marble altar of Elyvilon.
  1227 | D:2      | Gained mutation: You have a somewhat thin skeletal
                  | structure. (Dex +2, Stealth) [demonic ancestry]
  1227 | D:2      | Reached XP level 3. HP: 26/29 MP: 3/3
  1338 | D:2      | You fall into a shaft and drop 1 floor!
  1891 | D:2      | Reached skill level 1 in Spellcasting
  1891 | D:2      | Gained mutation: You sometimes gain a little power by
                  | taking damage. [demonic ancestry]
  1891 | D:2      | Reached XP level 4. HP: 21/35 MP: 5/5
  1891 | D:2      | XOM: polymorph gnoll -> bat
  2250 | D:2      | XOM: 4-stop teleportation journey
  2506 | D:2      | XOM: polymorph adder -> river rat
  3063 | D:3      | Noticed a +0 hand axe
  3064 | D:3      | Noticed a +0 dagger
  3066 | D:3      | Found a hide-covered altar of Uskayaw.
  3168 | D:3      | Lost mutation: You have a pair of small horns on your head.
                  | [demonic ancestry]
  3168 | D:3      | Gained mutation: You have a pair of small antennae on your
                  | head. [demonic ancestry]
  3168 | D:3      | Reached XP level 5. HP: 41/41 MP: 7/7
  3261 | D:3      | XOM: give mutation
  3261 | D:3      | Gained mutation: You have sharp fingernails. [Xom's grace]
  3582 | D:4      | Found a basalt altar of Yredelemnul.
  3622 | D:4      | Found a blossoming altar of Fedhas.
  3707 | D:4      | Noticed a centaur
  3719 | D:4      | Killed a centaur
  3719 | D:4      | Reached skill level 5 in Unarmed Combat
  3719 | D:4      | Reached skill level 1 in Shields
  3978 | D:4      | XOM: snakes to sticks
  4044 | D:4      | Found a shadowy altar of Dithmenos.
  4264 | D:4      | XOM: enchant monster (good)
  4275 | D:4      | Reached XP level 6. HP: 37/47 MP: 9/9
  4656 | D:5      | Entered Level 5 of the Dungeon
  4658 | D:5      | XOM: cleaving
  4691 | D:5      | XOM: 2-stop teleportation journey
  4692 | D:5      | Noticed Pikel
  4692 | D:5      | Noticed a slave
  4692 | D:5      | Noticed a slave
  4692 | D:5      | Noticed a slave
  4692 | D:5      | Noticed a slave
  4697 | D:5      | XOM: scenery: create altars
  4700 | D:5      | XOM: summons friendly crimson imp
  4718 | D:5      | XOM: confuse monster(s)
  4725 | D:5      | XOM: summons friendly shadow imp
  4732 | D:5      | XOM: potion effect (brilliance)
  4743 | D:5      | Killed Pikel
  4743 | D:5      | Reached skill level 5 in Shields
  4743 | D:5      | Gained mutation: You have a pair of antennae on your head.
                  | [demonic ancestry]
  4743 | D:5      | Reached XP level 7. HP: 9/55 MP: 10/10
  4748 | D:5      | Reached skill level 5 in Fighting
  5006 | D:5      | Found an ancient bone altar of Kikubaaqudgha.
  5038 | D:5      | Reached skill level 1 in Throwing
  5054 | D:5      | Noticed Edmund
  5062 | D:5      | Killed Edmund
  5062 | D:5      | Reached skill level 1 in Evocations
  5214 | D:5      | XOM: scenery: create altars
  5219 | D:5      | Noticed Ijyb
  5219 | D:5      | Killed Ijyb
  5272 | D:5      | Gained mutation: You have a moderately thin skeletal
                  | structure. (Dex +4, Stealth+) [demonic ancestry]
  5272 | D:5      | Reached XP level 8. HP: 50/62 MP: 11/11
  5536 | D:5      | XOM: scenery: create altars
  5564 | D:6      | XOM: divine lightning
  5604 | D:6      | XOM: god gift: slimy ivory ring {god gift}
  5605 | D:6      | Got a slimy ivory ring {god gift}
  5606 | D:6      | Identified the ring "Rur Corgh" {rF+ MR+ Int+4 SInv} (Xom
                  | gifted it to you on level 6 of the Dungeon)
  5706 | D:6      | XOM: polymorph sky beast -> worm
  5792 | D:6      | XOM: enchant monster (good)
  5838 | D:6      | Found a snail-covered altar of Cheibriados.
  5854 | D:6      | XOM: give mutations
  5854 | D:6      | Gained mutation: You are covered in fur. (AC +1) [Xom's
                  | grace]
  5854 | D:6      | Gained mutation: You are resistant to hostile enchantments.
                  | (MR+) [Xom's grace]
  5854 | D:6      | Gained mutation: You have an unnaturally thin skeletal
                  | structure. (Dex +6, Stealth++) [Xom's grace]
  6022 | D:6      | XOM: divine lightning
  6031 | D:6      | XOM: 1-stop teleportation journey
  6066 | D:6      | XOM: noise
  6078 | D:6      | Reached skill level 1 in Stealth
  6084 | D:6      | Found a shimmering altar of Xom.
  6221 | D:6      | XOM: confuse monster(s)
  6222 | D:6      | XOM: enchant monster (good)
  6297 | D:6      | Found a hazy altar of Hepliaklqana.
  6381 | D:6      | XOM: scenery: create altars
  6423 | D:6      | Reached skill level 5 in Throwing
  6423 | D:6      | Reached skill level 2 in Evocations
  6579 | D:7      | XOM: polymorph bullfrog -> jelly
  6590 | D:6      | XOM: give mutations
  6590 | D:6      | Gained mutation: You are highly resistant to hostile
                  | enchantments. (MR++) [Xom's grace]
  6590 | D:6      | Gained mutation: You expend magic power (3 MP) to
                  | strengthen your wands. [Xom's grace]
  6590 | D:6      | Gained mutation: You passively map a small area around you.
                  | [Xom's grace]
  6603 | D:7      | Reached skill level 3 in Evocations
  6606 | D:7      | Noticed a hippogriff
  6611 | D:7      | Noticed a spiny frog
  6611 | D:7      | a hippogriff changed into a spiny frog
  6611 | D:7      | XOM: polymorph hippogriff -> spiny frog
  6623 | D:7      | XOM: summons 4 friendly demons
  6634 | D:7      | Killed a spiny frog
  6634 | D:7      | Reached skill level 4 in Evocations
  6732 | D:7      | Noticed Duvessa
  6736 | D:7      | Noticed a two-headed ogre
  6742 | D:7      | Noticed a hornet
  6744 | D:7      | Noticed Dowan
  6748 | D:7      | XOM: enchant monster (bad)
  6778 | D:7      | Killed Duvessa
  6778 | D:7      | Reached skill level 5 in Evocations
  6778 | D:7      | Gained mutation: You may emit foul miasma when damaged in
                  | melee. [demonic ancestry]
  6778 | D:7      | Reached XP level 9. HP: 35/68 MP: 4/12
  6780 | D:7      | Killed Dowan
  6802 | D:7      | Found a staircase to the Ecumenical Temple.
  6821 | D:7      | Killed a two-headed ogre
  6821 | D:7      | Reached skill level 6 in Evocations
  6828 | D:7      | XOM: give mutations
  6828 | D:7      | Lost mutation: You expend magic power (3 MP) to strengthen
                  | your wands. [Xom's mischief]
  6828 | D:7      | Lost mutation: You are highly resistant to hostile
                  | enchantments. (MR++) [Xom's mischief]
  7086 | Temple   | Entered the Ecumenical Temple
  7157 | Temple   | XOM: 6-stop teleportation journey
  7230 | Temple   | XOM: give mutation
  7230 | Temple   | Lost mutation: Your flesh is heat resistant. (rF+) [Xom's
                  | mischief]
  7514 | D:7      | XOM: noise
  7526 | D:7      | XOM: swap monsters
  7553 | D:7      | Found Ibuttof's Antique Weapon Emporium.
  7561 | D:7      | Bought an ancient hand crossbow for 238 gold pieces
  7563 | D:7      | Identified the +3 hand crossbow "Agoazov" {vorpal, +Blink
                  | rPois rF+ MR- Dex+3} (You bought it in a shop on level 7 of
                  | the Dungeon)
  7673 | D:7      | Reached skill level 1 in Crossbows
  7985 | D:8      | XOM: summons friendly quasit
  8065 | D:8      | XOM: god gift: 52 gold pieces
  8287 | D:8      | XOM: 3-stop teleportation journey
  8651 | D:8      | Found Mataduf's General Store.
  8759 | D:9      | XOM: draining
  8764 | D:9      | Mutation became permanent: Your flesh is cold resistant.
                  | (rC+) [demonic ancestry]
  8764 | D:9      | Gained mutation: Your flesh is cold resistant. (rC+)
                  | [demonic ancestry]
  8764 | D:9      | Reached XP level 10. HP: 76/76 MP: 14/14
  8814 | D:9      | Noticed a two-headed ogre
  8818 | D:9      | XOM: summons friendly iron imp
  8822 | D:9      | XOM: confuse monster(s)
  8828 | D:9      | Killed a two-headed ogre
  8828 | D:9      | Reached skill level 5 in Crossbows
  8861 | D:9      | XOM: divination: detect items
  8879 | D:9      | XOM: divination: detect creatures
  8995 | D:9      | Found a staircase to the Lair.
  9048 | D:9      | XOM: give mutations
  9048 | D:9      | Lost mutation: You are covered in fur. (AC +1) [Xom's
                  | mischief]
  9078 | D:9      | XOM: blink monster(s)
  9410 | D:9      | XOM: scenery: 1 doors close
  9481 | D:10     | Entered Level 10 of the Dungeon
  9492 | D:10     | Reached skill level 7 in Evocations
  9519 | D:10     | Found an opulent altar of Gozag.
  9732 | D:10     | Noticed a six-headed hydra
  9741 | D:10     | XOM: potion effect (haste)
  9745 | D:10     | XOM: fake destruction
  9758 | D:10     | XOM: destruction
  9779 | D:9      | XOM: confusion
  9782 | D:9      | XOM: cleaving
  9804 | D:9      | XOM: confusion (+ monsters)
  9811 | D:9      | Killed a six-headed hydra
 10032 | D:10     | XOM: torment (34/79 hp)
 10097 | D:10     | XOM: give mutation
 10097 | D:10     | Lost mutation: Your system is resistant to poisons. (rPois)
                  | [Xom's mischief]
 10202 | D:10     | XOM: polymorph howler monkey -> shapeshifter
 10203 | D:10     | XOM: repel stairs
 10216 | D:10     | Noticed a harpy
 10265 | D:10     | a swamp dragon changed into a swamp worm
 10375 | D:10     | Got a brightly glowing rapier
 10458 | D:10     | XOM: divination: magic mapping
 10747 | D:10     | XOM: god gift: 5 boomerangs of dispersal
 10885 | D:10     | XOM is BORED!
 10885 | D:10     | XOM: give mutations
 10885 | D:10     | Gained mutation: Armour fits poorly on your strangely
                  | shaped body. [Xom's mischief]
 10885 | D:10     | Lost mutation: Your mind is acute. (Int +2) [Xom's
                  | mischief]
 10885 | D:10     | Gained mutation: You are weak. (Str -2) [Xom's mischief]
 10885 | D:10     | Lost mutation: You have sharp fingernails. [Xom's mischief]
 11035 | D:10     | XOM: god gift: dog-eared metal-bound book {god gift}
 11136 | D:11     | Found a frozen archway.
 11143 | D:11     | Reached skill level 8 in Evocations
 11152 | D:11     | Gained mutation: You are immune to freezing clouds.
                  | [demonic ancestry]
 11152 | D:11     | Reached XP level 11. HP: 69/84 MP: 17/17
 11200 | D:11     | XOM: noise
 11315 | D:11     | Identified the cursed +1 rapier "Mirch" {vorpal, *Slow
                  | rPois Int+2} (You found it on level 10 of the Dungeon)
 11332 | IceCv    | Entered an ice cave
 11516 | IceCv    | XOM: divination: detect creatures
 11519 | IceCv    | XOM: enchant monster (bad)
 11651 | IceCv    | XOM: summons 4 hostile shadow creatures
 11653 | IceCv    | XOM: smoke on damage
 11655 | IceCv    | Mangled by a death yak simulacrum

Illustrated notes

Levels and vault maps discovered:
D:1:      lemuel_arrival_room, layout_basic
D:2:      minmay_razor_zed, layout_loops_corners, elyvilon_altar_5, minmay_puff
D:3:      layout_basic, dancing_weapons_uskayaw
D:4:      layout_cave_pods, fedhas_altar_3, yredelemnul_altar_generic,
          first_ration, nicolae_dithmenos_the_darkroom
D:5:      layout_cave_pools, kennysheep_mini_moat, uniq_pikel, uniq_edmund,
          uniq_ijyb
D:6:      layout_loops_ring, xom_butterflies, nicolae_overflow_hidden_temple,
          lemuel_coloured_pillars_altar
D:7:      layout_gridville, minmay_temple_entry_poolview, serial_shops,
          shop_fountains, uniq_duvessa
D:8:      layout_loops_ring, serial_shops, shop, serial_undead, serial_undead_e,
          serial_undead_a, serial_undead_d, serial_undead_d
D:9:      layout_irregular_city, lair_entry_dummy, grunt_ogre_cave
D:10:     layout_gridville, nicolae_gozag_cash_rules_everything_around_me
D:11:     layout_roguey, minmay_orc_entry_temple_small,
          portal_ice_cave_entry_ice_beasts, uniq_urug, uniq_snorg
Temple:   eino_temple_water
IceCv:    ice_cave_tombish

Skill      XL: |  1  2  3  4  5  6  7  8  9 10 |
---------------+-------------------------------+-----
Dodging        | 1 |  1.0
Armour         | 2 |  2.0
Unarmed Combat | 3 4 5 7 |  7.0
Spellcasting   | 1 2 |  2.0
Shields        | 2 5 |  5.0
Fighting       | 4 5 6 7 |  7.8
Throwing       | 2 5 |  5.0
Evocations     | 1 5 6 8 |  8.0
Stealth        | 1 |  1.0
Crossbows      | 3 7 |  7.0

Action                   |  1- 3 |  4- 6 |  7- 9 | 10-12 || total
-------------------------+-------+-------+-------+-------++-------
Melee: Unarmed           |   180 |   177 |   284 |   142 ||   783
       Headbutt          |     7 |    17 |       |       ||    24
 Fire: Hand crossbow     |       |       |    66 |   132 ||   198
Throw: Stone             |    19 |    17 |    13 |    15 ||    64
       Dart              |       |     3 |     6 |       ||     9
       Boomerang         |       |       |     3 |       ||     3
 Abil: Evoke Blink       |       |       |       |    25 ||    25
Evoke: Wand              |       |       |     7 |    18 ||    25
       Tin of tremorston |       |       |       |     1 ||     1
  Use: Scroll            |     6 |     6 |     4 |     3 ||    19
       Potion            |       |     1 |       |     1 ||     2
 Stab: Sleeping          |       |    14 |     7 |       ||    21
       Petrified         |       |     5 |       |       ||     5
       Petrifying        |       |     1 |       |       ||     1
       Confused          |       |       |     5 |       ||     5
       Invisible         |       |       |     2 |       ||     2
       Distracted        |       |       |     1 |       ||     1
  Eat: Chunk             |     3 |     9 |    13 |     8 ||    33
       Ration            |       |       |       |     1 ||     1
Armor: Leather armour    |    84 |    63 |    51 |    24 ||   222
Dodge: Dodged            |   116 |   108 |   109 |    59 ||   392
Block: Buckler           |     1 |    41 |    73 |    50 ||   165
